TOP OF THE 1ST |
Rutgers Scarlet Knights batting - Pitching for Indiana Hoosiers : RHP Jack Ingram
|
Pitching: RHP Jack Ingram
|
|
Batting: LHB Dave Watkins
|
0-0: Reached on error, E9 (Flyball, 89XD)
|
Batting: RHB Howard Battle
|
0-0: Ground out 4-3 (Groundball, 4) Dave Watkins to third
|
Batting: LHB Carlos Hernández
|
0-0: Foul Ball, location: 2F 0-1: Ground out 4-3 (Groundball, 4M) Dave Watkins scores
|
Batting: RHB Chris Barker
|
0-0: Ball 1-0: Ball 2-0: Called Strike 2-1: Called Strike 2-2: Foul Ball, location: 2F 2-2: Ball 3-2: Foul Ball, location: 2F 3-2: Foul Ball, location: 2F 3-2: SOLO HOME RUN (Flyball, 78XD), Distance : 387 ft
|
Batting: RHB Eric Green
|
0-0: Ground out 6-3 (Groundball, 6)
|
Top of the 1st over - 2 run(s), 1 hit(s), 1 error(s), 0 left on base; Rutgers 2 - Indiana 0 |
BOTTOM OF THE 1ST |
Indiana Hoosiers batting - Pitching for Rutgers Scarlet Knights : LHP Júlio Ariza
|
Pitching: LHP Júlio Ariza
|
|
Batting: LHB Michael Hanson
|
0-0: Bunted foul 0-1: Ball 1-1: Foul Ball, location: 2F 1-2: DOUBLE (Line Drive, 8RD)
|
Batting: RHB Phil Martin
|
0-0: Ball 1-0: Called Strike 1-1: Ball 2-1: Ball 3-1: Base on Balls
|
Batting: RHB Dani Morales
|
0-0: Swinging Strike 0-1: Ball 1-1: Ball 2-1: Grounds into double play, 2-4-3 (Groundball, 2L) Michael Hanson to third
|
Batting: RHB Palmer Frazier
|
0-0: Called Strike 0-1: Foul Ball, location: 2F 0-2: Foul Ball, location: 2F 0-2: Ball 1-2: Ball 2-2: Foul Ball, location: 2F 2-2: Strikes out swinging
|
Bottom of the 1st over - 0 run(s), 1 hit(s), 0 error(s), 1 left on base; Rutgers 2 - Indiana 0 |
TOP OF THE 2ND |
Rutgers Scarlet Knights batting - Pitching for Indiana Hoosiers : RHP Jack Ingram
|
Batting: RHB Joseph McCarteney
|
0-0: Ball 1-0: Foul Ball, location: 2F 1-1: Fly out, F4 (Line Drive, 4)
|
Batting: RHB Harry Wilkins
|
0-0: Foul Ball, location: 2F 0-1: Fly out, F7 (Line Drive, 78XD)
|
Batting: SHB Pat Brock
|
0-0: Swinging Strike 0-1: Fly out, F8 (Flyball, 8LM)
|
Top of the 2nd over - 0 run(s), 0 hit(s), 0 error(s), 0 left on base; Rutgers 2 - Indiana 0 |
BOTTOM OF THE 2ND |
Indiana Hoosiers batting - Pitching for Rutgers Scarlet Knights : LHP Júlio Ariza
|
Batting: RHB Norm Walker
|
0-0: Called Strike 0-1: Ball 1-1: Fly out, F7 (Flyball, 78M)
|
Batting: RHB Justin López
|
0-0: Called Strike 0-1: Ball 1-1: Ball 2-1: Ball 3-1: Base on Balls
|
Batting: RHB Patrick McNight
|
0-0: Ball 1-0: Called Strike 1-1: Foul Ball, location: 2F 1-2: Ball 2-2: Strikes out looking
|
Batting: RHB Frank Reed
|
0-0: Called Strike 0-1: Called Strike 0-2: Foul Ball, location: 2F 0-2: Strikes out swinging
|
Bottom of the 2nd over - 0 run(s), 0 hit(s), 0 error(s), 1 left on base; Rutgers 2 - Indiana 0 |
TOP OF THE 3RD |
Rutgers Scarlet Knights batting - Pitching for Indiana Hoosiers : RHP Jack Ingram
|
Batting: RHB Jesús León
|
0-0: Ball 1-0: Ground out 4-3 (Groundball, 34)
|
Batting: LHB Dave Watkins
|
0-0: Ball 1-0: Ball 2-0: Ball 3-0: Base on Balls
|
Batting: RHB Howard Battle
|
0-0: Ball 1-0: Called Strike 1-1: Ball 2-1: Ball Dave Watkins steals 2nd base 3-1: Swinging Strike 3-2: DOUBLE (Line Drive, 9LM) Dave Watkins scores
|
Batting: LHB Carlos Hernández
|
0-0: Called Strike 0-1: Ball 1-1: Called Strike 1-2: Foul Ball, location: 2F 1-2: Ball 2-2: Ball 3-2: Fly out, F9 (Flyball, 9LM)
|
Batting: RHB Chris Barker
|
0-0: Fly out, F3 (Popup, 3L)
|
Top of the 3rd over - 1 run(s), 1 hit(s), 0 error(s), 1 left on base; Rutgers 3 - Indiana 0 |
BOTTOM OF THE 3RD |
Indiana Hoosiers batting - Pitching for Rutgers Scarlet Knights : LHP Júlio Ariza
|
Batting: RHB Kevin Hale
|
0-0: Called Strike 0-1: Swinging Strike 0-2: Strikes out swinging
|
Batting: LHB Michael Hanson
|
0-0: Ball 1-0: Fly out, F8 (Flyball, 89M)
|
Batting: RHB Phil Martin
|
0-0: Fly out, F9 (Line Drive, 9S)
|
Bottom of the 3rd over - 0 run(s), 0 hit(s), 0 error(s), 0 left on base; Rutgers 3 - Indiana 0 |
TOP OF THE 4TH |
Rutgers Scarlet Knights batting - Pitching for Indiana Hoosiers : RHP Jack Ingram
|
Batting: RHB Eric Green
|
0-0: Called Strike 0-1: Fly out, F7 (Flyball, 7)
|
Batting: RHB Joseph McCarteney
|
0-0: Fly out, F9 (Flyball, 9LM)
|
Batting: RHB Harry Wilkins
|
0-0: Ball 1-0: Ball 2-0: Ball 3-0: Base on Balls
|
Batting: SHB Pat Brock
|
0-0: Ball 1-0: Called Strike 1-1: Ball 2-1: Foul Ball, location: 2F 2-2: Fielders Choice at 2nd, 5-4 (Groundball, 56)
|
Top of the 4th over - 0 run(s), 0 hit(s), 0 error(s), 0 left on base; Rutgers 3 - Indiana 0 |
BOTTOM OF THE 4TH |
Indiana Hoosiers batting - Pitching for Rutgers Scarlet Knights : LHP Júlio Ariza
|
Batting: RHB Dani Morales
|
0-0: Foul Ball, location: 2F 0-1: Fly out, F8 (Flyball, 89M)
|
Batting: RHB Palmer Frazier
|
0-0: Swinging Strike 0-1: Foul Ball, location: 2F 0-2: Ball 1-2: Strikes out swinging
|
Batting: RHB Norm Walker
|
0-0: Ball 1-0: Ball 2-0: Ball 3-0: Called Strike 3-1: Called Strike 3-2: Foul Ball, location: 2F 3-2: Foul Ball, location: 2F 3-2: SINGLE (Groundball, 6MD)
|
Batting: RHB Justin López
|
0-0: Ball 1-0: Ball 2-0: Foul Ball, location: 2F 2-1: Swinging Strike 2-2: Foul Ball, location: 2F 2-2: Strikes out looking
|
Bottom of the 4th over - 0 run(s), 1 hit(s), 0 error(s), 1 left on base; Rutgers 3 - Indiana 0 |
TOP OF THE 5TH |
Rutgers Scarlet Knights batting - Pitching for Indiana Hoosiers : RHP Jack Ingram
|
Batting: RHB Jesús León
|
0-0: Ground out 4-3 (Groundball, 4M)
|
Batting: LHB Dave Watkins
|
0-0: SOLO HOME RUN (Line Drive, 8LXD), Distance : 390 ft
|
Batting: RHB Howard Battle
|
0-0: DOUBLE (Flyball, 89D)
|
Batting: LHB Carlos Hernández
|
0-0: Ball 1-0: Ball 2-0: Ball 3-0: Base on Balls
|
Batting: RHB Chris Barker
|
0-0: SINGLE (Line Drive, 8LS) Howard Battle to third Carlos Hernández to second Runner from 3rd tries for Home, SAFE, no throw
|
Pitching: LHP Ken Pinnell
|
|
Batting: RHB Eric Green
|
0-0: Called Strike 0-1: Foul Ball, location: 2F 0-2: Fly out, F4 (Popup, 34D)
|
Batting: RHB Joseph McCarteney
|
0-0: Ball 1-0: Ball 2-0: Ball 3-0: Base on Balls Carlos Hernández to third Chris Barker to second
|
Batting: RHB Harry Wilkins
|
0-0: GRAND SLAM HOME RUN (Flyball, 8RXD), Distance : 395 ft
|
Batting: SHB Pat Brock
|
0-0: Called Strike 0-1: SINGLE (Groundball, 56S) (infield hit)
|
Batting: RHB Jesús León
|
0-0: Ball 1-0: Ball 2-0: Foul Ball, location: 2F 2-1: Swinging Strike 2-2: Strikes out looking
|
Top of the 5th over - 6 run(s), 5 hit(s), 0 error(s), 1 left on base; Rutgers 9 - Indiana 0 |
BOTTOM OF THE 5TH |
Indiana Hoosiers batting - Pitching for Rutgers Scarlet Knights : LHP Júlio Ariza
|
Batting: RHB Patrick McNight
|
0-0: Ball 1-0: Swinging Strike 1-1: Called Strike 1-2: Ball 2-2: Strikes out swinging
|
Batting: RHB Frank Reed
|
0-0: Ball 1-0: Ball 2-0: Ball 3-0: Called Strike 3-1: Base on Balls
|
Batting: RHB Kevin Hale
|
0-0: Called Strike 0-1: Called Strike 0-2: Ball 1-2: Foul Ball, location: 2F 1-2: Ball 2-2: Ball 3-2: Strikes out looking
|
Pitching: RHP Billy Corbett
|
|
Batting: LHB Michael Hanson
|
0-0: Foul Ball, location: 2F 0-1: Ball 1-1: Swinging Strike 1-2: Ball 2-2: Fly out, F8 (Flyball, 78M)
|
Bottom of the 5th over - 0 run(s), 0 hit(s), 0 error(s), 1 left on base; Rutgers 9 - Indiana 0 |
TOP OF THE 6TH |
Rutgers Scarlet Knights batting - Pitching for Indiana Hoosiers : LHP Ken Pinnell
|
Batting: LHB Dave Watkins
|
0-0: Swinging Strike 0-1: Ball 1-1: Swinging Strike 1-2: Strikes out looking
|
Batting: RHB Howard Battle
|
0-0: SINGLE (Groundball, 34D)
|
Batting: LHB Carlos Hernández
|
0-0: Ball 1-0: Ball 2-0: Grounds into double play, 4-6-3 (Groundball, 4)
|
Top of the 6th over - 0 run(s), 1 hit(s), 0 error(s), 0 left on base; Rutgers 9 - Indiana 0 |
BOTTOM OF THE 6TH |
Indiana Hoosiers batting - Pitching for Rutgers Scarlet Knights : RHP Billy Corbett
|
Batting: RHB Phil Martin
|
0-0: Ball 1-0: Called Strike 1-1: Foul Ball, location: 2F 1-2: Ball 2-2: Ground out 6-3 (Groundball, 56)
|
Batting: RHB Dani Morales
|
0-0: Called Strike 0-1: Ball 1-1: Ball 2-1: Foul Ball, location: 2F 2-2: Ball 3-2: Fly out, F9 (Flyball, 9S)
|
Batting: RHB Palmer Frazier
|
0-0: Called Strike 0-1: Called Strike 0-2: Hit by Pitch
|
Batting: RHB Norm Walker
|
0-0: Called Strike 0-1: Swinging Strike 0-2: Strikes out swinging
|
Bottom of the 6th over - 0 run(s), 0 hit(s), 0 error(s), 1 left on base; Rutgers 9 - Indiana 0 |
TOP OF THE 7TH |
Rutgers Scarlet Knights batting - Pitching for Indiana Hoosiers : LHP Ken Pinnell
|
Batting: RHB Chris Barker
|
0-0: Ball 1-0: Called Strike 1-1: Foul Ball, location: 2F 1-2: Ground out 4-3 (Groundball, 4)
|
Batting: RHB Eric Green
|
0-0: Ball 1-0: Foul Ball, location: 2F 1-1: Foul Ball, location: 2F 1-2: Ball 2-2: Ball 3-2: Base on Balls
|
Batting: RHB Joseph McCarteney
|
0-0: Called Strike 0-1: Fly out, F8 (Flyball, 8RM)
|
Batting: RHB Harry Wilkins
|
0-0: Ball 1-0: Swinging Strike 1-1: Called Strike 1-2: Foul Ball, location: 2F 1-2: Ball 2-2: Ball 3-2: Ground out 6-3 (Groundball, 6)
|
Top of the 7th over - 0 run(s), 0 hit(s), 0 error(s), 1 left on base; Rutgers 9 - Indiana 0 |
BOTTOM OF THE 7TH |
Indiana Hoosiers batting - Pitching for Rutgers Scarlet Knights : RHP Billy Corbett
|
Batting: RHB Justin López
|
0-0: Called Strike 0-1: Ball 1-1: Hit by Pitch
|
Batting: RHB Patrick McNight
|
0-0: SINGLE (Line Drive, 8LS) Justin López to second
|
Batting: RHB Frank Reed
|
0-0: Fly out, F4 (Line Drive, 4M)
|
Batting: RHB Kevin Hale
|
0-0: Grounds into double play, 6-4-3 (Groundball, 6)
|
Bottom of the 7th over - 0 run(s), 1 hit(s), 0 error(s), 1 left on base; Rutgers 9 - Indiana 0 |
TOP OF THE 8TH |
Rutgers Scarlet Knights batting - Pitching for Indiana Hoosiers : LHP Ken Pinnell
|
Batting: SHB Pat Brock
|
0-0: Hit by Pitch
|
Batting: RHB Jesús León
|
0-0: Ball 1-0: Ball 2-0: Fly out, F9 (Flyball, 9S)
|
Batting: LHB Dave Watkins
|
0-0: Ball 1-0: Ball Pat Brock steals 2nd base 2-0: Swinging Strike 2-1: Foul Ball, location: 2F 2-2: Foul Ball, location: 2F 2-2: Ball 3-2: SINGLE (Groundball, 56D) Pat Brock to third
|
Pitching: LHP Paul Holden
|
|
Batting: RHB Howard Battle
|
0-0: Ball 1-0: Ball 2-0: Called Strike 2-1: Ball 3-1: DOUBLE (Line Drive, 78M) Pat Brock scores Dave Watkins to third Runner from 3rd tries for Home, SAFE, no throw
|
Batting: LHB Carlos Hernández
|
0-0: Ball 1-0: Ball 2-0: Ball 3-0: Base on Balls
|
Batting: RHB Chris Barker
|
0-0: Ball 1-0: Ball 2-0: Swinging Strike 2-1: Foul Ball, location: 2F 2-2: Foul Ball, location: 2F 2-2: Foul Ball, location: 2F 2-2: Ball 3-2: Foul Ball, location: 2F 3-2: Base on Balls Howard Battle to third Carlos Hernández to second
|
Batting: RHB Eric Green
|
0-0: Foul Ball, location: 2F 0-1: Fly out, F9 (Flyball, 9LMF) Runner from 3rd tags up, SCORES, no throw
|
Batting: RHB Joseph McCarteney
|
0-0: Ball 1-0: Ball 2-0: Foul Ball, location: 2F 2-1: Foul Ball, location: 2F 2-2: Strikes out looking
|
Top of the 8th over - 3 run(s), 2 hit(s), 0 error(s), 2 left on base; Rutgers 12 - Indiana 0 |
BOTTOM OF THE 8TH |
Indiana Hoosiers batting - Pitching for Rutgers Scarlet Knights : RHP Billy Corbett
|
Now in RF: Ryan Washington
|
|
Batting: LHB Michael Hanson
|
0-0: Ball 1-0: Ball 2-0: SINGLE (Line Drive, 78M)
|
Batting: RHB Phil Martin
|
0-0: Ball 1-0: Ball 2-0: Called Strike 2-1: Foul Ball, location: 2F 2-2: Strikes out swinging
|
Batting: RHB Dani Morales
|
0-0: Ball 1-0: Ball 2-0: Called Strike 2-1: SINGLE (Line Drive, 7S) Michael Hanson to second
|
Batting: RHB Palmer Frazier
|
0-0: Called Strike 0-1: Ball 1-1: Ball 2-1: Ball 3-1: Foul Ball, location: 2F 3-2: Base on Balls Michael Hanson to third Dani Morales to second
|
Batting: RHB Norm Walker
|
0-0: Fly out, F7 (Flyball, 7S)
|
Batting: RHB Justin López
|
0-0: Ball 1-0: Ball 2-0: Ball 3-0: Base on Balls Michael Hanson scores Dani Morales to third Palmer Frazier to second
|
Batting: RHB Patrick McNight
|
0-0: Called Strike 0-1: Ball 1-1: Ball 2-1: Fly out, F9 (Flyball, 9S)
|
Bottom of the 8th over - 1 run(s), 2 hit(s), 0 error(s), 3 left on base; Rutgers 12 - Indiana 1 |
TOP OF THE 9TH |
Rutgers Scarlet Knights batting - Pitching for Indiana Hoosiers : LHP Paul Holden
|
Batting: RHB Harry Wilkins
|
0-0: Ball 1-0: Ground out 5-3 (Groundball, 5S)
|
Batting: SHB Pat Brock
|
0-0: Ball 1-0: Swinging Strike 1-1: Swinging Strike 1-2: Ball 2-2: Foul Ball, location: 2F 2-2: SINGLE (Line Drive, 56)
|
Batting: RHB Jesús León
|
0-0: Ball 1-0: Foul Ball, location: 2F 1-1: Ball 2-1: Ball 3-1: Base on Balls Pat Brock to second
|
Batting: LHB Dave Watkins
|
0-0: Ball 1-0: Ball 2-0: SINGLE (Line Drive, 78M) Pat Brock to third Jesús León to second
|
Pitching: RHP Dave Williams
|
|
Batting: RHB Howard Battle
|
0-0: Ball 1-0: SINGLE (Line Drive, 56D) Pat Brock scores Jesús León to third Dave Watkins to second
|
Batting: LHB Carlos Hernández
|
0-0: Ball 1-0: Ball 2-0: Swinging Strike 2-1: Fly out, F8 (Flyball, 89D) Runner from 3rd tags up, SCORES, no throw Dave Watkins to third
|
Batting: RHB Chris Barker
|
0-0: Ball 1-0: Called Strike 1-1: Called Strike 1-2: Foul Ball, location: 2F 1-2: Foul Ball, location: 2F 1-2: 3-RUN HOME RUN (Flyball, 7D), Distance : 357 ft
|
Batting: RHB Eric Green
|
0-0: Called Strike 0-1: Foul Ball, location: 2F 0-2: Strikes out swinging
|
Top of the 9th over - 5 run(s), 4 hit(s), 0 error(s), 0 left on base; Rutgers 17 - Indiana 1 |
BOTTOM OF THE 9TH |
Indiana Hoosiers batting - Pitching for Rutgers Scarlet Knights : RHP Billy Corbett
|
Pitching: RHP John Rutherford
|
|
Batting: RHB Frank Reed
|
0-0: Ball 1-0: Called Strike 1-1: Foul Ball, location: 2F 1-2: Ball 2-2: Strikes out looking
|
Batting: RHB Kevin Hale
|
0-0: Swinging Strike 0-1: Ball 1-1: Ball 2-1: Foul Ball, location: 2F 2-2: SINGLE (Flyball, 8LS)
|
Batting: LHB Michael Hanson
|
0-0: Called Strike 0-1: Ball 1-1: Ball 2-1: Ball 3-1: Base on Balls Kevin Hale to second
|
Batting: RHB Phil Martin
|
0-0: Fly out, F9 (Flyball, 89D) Runner from 2nd tags up, SAFE at 3rd, no throw
|
Batting: RHB Dani Morales
|
0-0: Ball 1-0: Ball 2-0: Ball 3-0: Called Strike 3-1: Base on Balls Michael Hanson to second
|
Batting: RHB Palmer Frazier
|
0-0: Ball 1-0: Called Strike 1-1: Foul Ball, location: 2F 1-2: Foul Ball, location: 2F 1-2: Ball 2-2: Foul Ball, location: 2F 2-2: GRAND SLAM HOME RUN (Line Drive, 7D), Distance : 369 ft
|
Pitching: RHP Jim Harden
|
|
Batting: RHB Norm Walker
|
0-0: Called Strike 0-1: Swinging Strike 0-2: Ball 1-2: Ball 2-2: Foul Ball, location: 2F 2-2: Foul Ball, location: 2F 2-2: Ball 3-2: Base on Balls
|
Pinch Hitting: RHB Luis Marquis
|
0-0: Ball 1-0: Ball 2-0: Ball 3-0: Called Strike 3-1: Base on Balls Norm Walker to second
|
Batting: RHB Patrick McNight
|
0-0: Called Strike 0-1: Ball 1-1: Ball 2-1: Foul Ball, location: 2F 2-2: Foul Ball, location: 2F 2-2: Foul Ball, location: 2F 2-2: Strikes out swinging
|
Bottom of the 9th over - 4 run(s), 2 hit(s), 0 error(s), 2 left on base; Rutgers 17 - Indiana 5 |
|